 Dungeon Crawl Stone Soup version 0.24.0-123-gd5b16e6ec5 (webtiles) character file.

Game seed: 1285148572052662122, levelgen mode: deterministic

175 sanka the Ogre Mage (level 5, -8/45 HPs)
             Began as an Ogre Wizard on Jan 24, 2020.
             Killed from afar by an orc wizard (10 damage)
             ... with a puff of flame
             ... on level 2 of the Dungeon.
             The game lasted 00:08:41 (3273 turns).

sanka the Ogre Mage (Ogre Wizard)                   Turns: 3273, Time: 00:08:42

Health: -8/45      AC:  3    Str: 14    XL:     5   Next: 55%
Magic:  4/12       EV: 10    Int: 19    God:
Gold:   86         SH:  0    Dex:  8    Spells: 3/14 levels left

rFire    . . .     SeeInvis .   c - +2 short sword (elec)
rCold    . . .     Gourm    .   (no shield)
rNeg     . . .     Faith    .   a - +0 robe
rPois    .         Spirit   .   b - +0 hat
rElec    .         Reflect  .   (no cloak)
rCorr    .         Harm     .   (gloves unavailable)
MR       .....                  (boots unavailable)
Stlth    +.........             (no amulet)
HPRegen  0.15/turn              p - +3 ring of strength
MPRegen  0.13/turn              (no ring)

@: no status effects
A: large, unfitting armour, tough skin 1
a: no special abilities


You were on level 2 of the Dungeon.
You were not hungry.

You visited 1 branch of the dungeon, and saw 3 of its levels.

You collected 86 gold pieces.


Innate Abilities, Weirdness & Mutations

You are too large for most types of armour.
You have tough skin. (AC +1)


   Skills:
 - Level 1.7 Dodging
 - Level 1.4 Stealth
 + Level 5.1 Spellcasting
 + Level 1.7 Conjurations
 - Level 2.0 Summonings
 - Level 0.8 Translocations
 + Level 1.2 Fire Magic
 + Level 1.1 Air Magic
 + Level 1.2 Poison Magic


You had 3 spell levels left.
You knew the following spells:

 Your Spells              Type           Power        Failure   Level  Hunger
b - Blink                 Tloc           N/A          13%         2    #......
c - Mephitic Cloud        Conj/Pois/Air  ##......     22%         3    ##.....
x - Call Imp              Summ           ##......     9%          2    #......
y - Conjure Flame         Conj/Fire      ##......     21%         3    ##.....
z - Magic Dart            Conj           ##..         6%          1    None

Your spell library contained the following spells:

 Spells                   Type           Power        Failure   Level  Hunger
 Slow                     Hex            #.......     19%         2    #......


Dungeon Overview and Level Annotations

Branches:
Dungeon (3/15)

Altars:
Dithmenos
Kikubaaqudgha
Makhleb
Qazlal
Wu Jian

Inventory:

Hand Weapons
 c - a +2 short sword of electrocution (weapon)
   (You found it on level 1 of the Dungeon)
Armour
 a - a +0 robe (worn)
 b - a +0 hat (worn)
Jewellery
 p - a +3 ring of strength (left hand)
   (You found it on level 2 of the Dungeon)
Scrolls
 f - 3 scrolls of remove curse {@r2}
 i - 2 scrolls of enchant armour
 m - a scroll of immolation {!r}
 n - a scroll of amnesia
 o - 2 scrolls of blinking
 s - a scroll of teleportation {@r4}
Potions
 e - 3 potions of haste {unknown}
 g - 2 potions of curing {unknown}
 h - a potion of lignification {unknown}
 k - a potion of brilliance {unknown}
 l - a potion of degeneration {unknown}
 q - a potion of flight {unknown}
Comestibles
 d - 5 rations

#### #.................... ...#
#._..8...(........... ...#####
#.................... .......##
#.._..._.............
........######........#....†.....
.............##.......#...(......
.........###..55...##............
..........#####g#..###..)........
...#.####..##...@...##...........
...#.# #......o....##...........
...#)######.........##...........
####....####........##^....[.....
####...##...........#.......#.
###..#.##..#.....#######.#.
##...##.####...# #.## ##.##..#
##..#### #..# #.....##
##.....#####.#


You could see an orc wizard, a gnoll and 2 friendly crimson imps.


Message History

Aiming: Magic Dart (safe; 6% risk of failure)
Press: ? - help, Shift-Dir - straight line, f/p - orc
Aim: an orc, wielding a +0 mace and wearing a +0 chain mail The magic dart hits the orc but does no damage.
An orc comes into view. It is wielding a +0 dagger.
Casting: Magic Dart (safe; 6% risk of failure)
Confirm with . or Enter, or press ? or * to list all spells.
Aiming: Magic Dart (safe; 6% risk of failure)
Press: ? - help, Shift-Dir - straight line, f/p - orc
Aim: an orc, wielding a +0 mace and wearing a +0 chain mail The magic dart hits the orc but does no damage.
An orc comes into view.
The orc hits you with a +0 mace!
The orc priest mumbles some strange prayers to Beogh against you.
Beogh smites you!
The orc wizard hits you but does no damage.
The orc wizard casts a spell at you. The puff of frost hits you.
* * * LOW HITPOINT WARNING * * *
The orc wizard points at you and mumbles some strange words.
The magic dart hits you.
* * * LOW HITPOINT WARNING * * *
A gnoll comes into view.
The orc wizard hits you with a +0 dagger.
* * * LOW HITPOINT WARNING * * *
The orc wizard gestures at you while chanting.
The puff of frost hits you!
* * * LOW HITPOINT WARNING * * *
Your magical contamination has completely faded away.
The gnoll shouts!
There is a stone staircase leading up here.
The orc wizard hits you but does no damage.
The orc wizard closely misses you. The gnoll hits you.
* * * LOW HITPOINT WARNING * * *
You climb upwards.
There is a stone staircase leading down here.
Unknown command.
Unknown command.
Unknown command.
Casting: Magic Dart (safe; 6% risk of failure)
Confirm with . or Enter, or press ? or * to list all spells.
A beastly little devil appears in a puff of flame.
The orc wizard hits you but does no damage.
The gnoll hits you but does no damage.
Casting: Call Imp (safe; 9% risk of failure)
Confirm with . or Enter, or press ? or * to list all spells.
A beastly little devil appears in a puff of flame.
The orc wizard gestures at you while chanting.
The puff of flame hits you!
You die...

Levels and vault maps discovered:
D:1:      matt_arrival_refuge, layout_loops_ring, grunt_decor_mini_mirrors
D:2:      minmay_chambers_of_ones, layout_rooms, grunt_temple_overflow_open
D:3:      layout_basic, uniq_grinder

Vanquished Creatures
  A jelly (D:3)
  4 gnolls
  2 adders
  An ooze (D:2)
  2 worms
  3 dart slugs
  A leopard gecko (D:2)
  10 bats
  2 giant cockroaches
  5 hobgoblins
  7 jackals
  9 kobolds
  3 quokkas
  2 ball pythons (D:2)
  4 frilled lizards
  5 goblins
  7 rats
68 creatures vanquished.

Vanquished Creatures (collateral kills)
  2 gnolls (D:2)
  A kobold (D:2)
3 creatures vanquished.

Grand Total: 71 creatures vanquished

Table legend:
 A = Turns spent in this place as a percentage of turns spent in the entire game.
 B = Non-inter-level travel turns spent in this place as a percentage of non-inter-level travel turns spent in the entire game.
 C = Inter-level travel turns spent in this place as a percentage of turns spent in this place.
 D = Turns resting spent in this place as a percentage of non-inter-level travel turns spent in this place.
 E = Turns spent auto-exploring this place as a percentage of non-inter-level travel turns spent in this place.
 F = Non-inter-level travel turns spent in this place divided by the number of levels of this place that you've seen.
                   A       B       C       D       E      F
               +-------+-------+-------+-------+-------+----------------------
         Total | 100.0 | 100.0 |   3.2 |  40.9 |  40.8 | 1056.3
       Dungeon | 100.0 | 100.0 |   3.2 |  40.9 |  40.8 | 1056.3
               +-------+-------+-------+-------+-------+----------------------

Table legend:
 A = Kills in this place as a percentage of kills in entire the game.
 B = Kills by you in this place as a percentage of kills by you in the entire game.
 C = Kills by friends in this place as a percentage of kills by friends in the entire game.
 D = Other kills in this place as a percentage of other kills in the entire game.
 E = Experience gained in this place as a percentage of experience gained in the entire game.
 F = Experience gained in this place divided by the number of levels of this place that you have seen.
                   A       B       C       D       E      F
               +-------+-------+-------+-------+-------+----------------------
         Total | 100.0 | 100.0 | 100.0 |   N/A | 100.0 |  83.3
       Dungeon | 100.0 | 100.0 | 100.0 |   N/A | 100.0 |  83.3
               +-------+-------+-------+-------+-------+----------------------

Notes
Turn   | Place    | Note
-------+----------+-------------------------------------------
     0 | D:1      | sanka the Ogre Wizard began the quest for the Orb.
     0 | D:1      | Reached XP level 1. HP: 16/16 MP: 5/5
    51 | D:1      | Reached skill level 1 in Conjurations
   342 | D:1      | Reached skill level 4 in Spellcasting
   343 | D:1      | Reached XP level 2. HP: 24/24 MP: 1/7
   347 | D:1      | Learned a level 2 spell: Call Imp
   350 | D:1      | Learned a level 2 spell: Blink
   398 | D:1      | You fall into a shaft and drop 1 floor!
   411 | D:2      | Reached skill level 1 in Summonings
   830 | D:1      | You fall into a shaft and drop 1 floor!
  1019 | D:1      | Reached XP level 3. HP: 31/31 MP: 1/8
  1528 | D:2      | HP: 7/31 [hobgoblin/+0 club (3)]
  1531 | D:2      | Reached skill level 2 in Summonings
  1803 | D:2      | Learned a level 3 spell: Conjure Flame
  1807 | D:2      | Learned a level 3 spell: Mephitic Cloud
  1825 | D:2      | Reached XP level 4. HP: 39/39 MP: 2/10
  2221 | D:2      | Found a burning altar of Makhleb.
  2223 | D:2      | Found an ornate altar of the Wu Jian Council.
  2224 | D:2      | Found an ancient bone altar of Kikubaaqudgha.
  2225 | D:2      | Found a stormy altar of Qazlal.
  2226 | D:2      | Found a shadowy altar of Dithmenos.
  2564 | D:3      | Reached skill level 5 in Spellcasting
  2570 | D:3      | Reached skill level 1 in Fire Magic
  2570 | D:3      | Reached XP level 5. HP: 20/45 MP: 4/12
  2788 | D:3      | Reached skill level 1 in Poison Magic
  2879 | D:3      | Reached skill level 1 in Air Magic
  3268 | D:3      | HP: 7/45 [orc wizard/puff of frost (11)]
  3270 | D:3      | HP: 2/45 [gnoll (6)]
  3273 | D:2      | Killed from afar by an orc wizard

Action                   |  1- 3 |  4- 6 || total
-------------------------+-------+-------++-------
Melee: Short sword       |    33 |    38 ||    71
 Cast: Magic Dart        |    55 |    92 ||   147
       Call Imp          |     3 |     5 ||     8
  Use: Scroll            |       |     6 ||     6
 Stab: Sleeping          |       |     2 ||     2
  Eat: Chunk             |     3 |     4 ||     7
Armor: Robe              |    22 |    16 ||    38
Dodge: Dodged            |    21 |    18 ||    39
